 Dungeon Crawl Stone Soup version 0.19.5 (webtiles) character file.

6362 ponchio the Thaumaturge (level 10, -6/45 HPs)
             Began as a Deep Elf Conjurer on Nov 14, 2017.
             Was a Believer of Vehumet.
             Mangled by a manticore (14 damage)
             ... on level 8 of the Dungeon.
             The game lasted 01:06:59 (12460 turns).

ponchio the Thaumaturge (Deep Elf Conjurer)        Turns: 12460, Time: 01:06:59

Health: -6/45      AC:  8    Str:  5      XL:     10   Next: 65%
Magic:  11/39      EV: 13    Int: 26 (27) God:    Vehumet [**....]
Gold:   323        SH:  0    Dex: 17      Spells: 3 memorised, 24 levels left

rFire  . . .     SeeInvis .     r - +2 whip (drain)
rCold  + . .     Gourm    .     y - +0 robe
rNeg   . . .     Faith    .     (no shield)
rPois  .         Spirit   .     (no helmet)
rElec  .         Reflect  .     s - +0 cloak
rCorr  .         Harm     .     m - +2 pair of gloves
MR     ++...     Clarity  +     n - +1 pair of boots
Stlth  ++........ Rnd*Tele +    t - amulet of regeneration
                                u - +3 ring of intelligence
                                h - ring of magical power

@: barbed spikes, very slightly contaminated, hasted, very quick
A: talons 1, agile 1, clarity, cold resistance 1, deterioration 1, frail 1, high
mp 1, magic resistance 1, teleportitis 1
a: Renounce Religion


You were on level 8 of the Dungeon.
You worshipped Vehumet.
Vehumet was pleased with you.
You were near starving.

You visited 2 branches of the dungeon, and saw 9 of its levels.
You also visited: Ossuary.

You collected 323 gold pieces.

Inventory:

Hand Weapons
 g - a +1 dagger of protection
 r - a +2 whip of draining (weapon)
Armour
 m - a +2 pair of gloves (worn)
 n - a +1 pair of boots (worn)
 s - a +0 cloak (worn)
 y - a +0 robe (worn)
Jewellery
 h - a ring of magical power (left hand)
 j - a +3 ring of strength
 t - an amulet of regeneration (around neck)
 u - a +3 ring of intelligence (right hand)
Wands
 x - a wand of lightning (12/15)
 E - a wand of enslavement (10/24)
Scrolls
 d - 3 scrolls of remove curse
 w - 2 scrolls of amnesia
Potions
 c - a potion of heal wounds {unknown}
 e - a potion of cancellation
 f - 2 potions of curing
 i - 2 potions of agility
 k - 4 potions of flight
 o - 3 potions of ambrosia
 q - 3 potions of brilliance
 v - a potion of haste
 z - a potion of lignification {unknown}
 B - a potion of cure mutation {unknown}
 C - 2 potions of mutation
Books
 b - a book of Conjurations

   Spells                             Type                      Level
   a - Magic Dart                     Conjuration                  1
   b - Searing Ray                    Conjuration                  2
   c - Dazzling Spray                 Conjuration/Hexes            3
   d - Fulminant Prism                Conjuration/Hexes            4
   e - Iskenderun's Mystic Blast      Conjuration                  4
   f - Iskenderun's Battlesphere      Conjuration/Charms           5
Comestibles
 l - 2 bread rations
 p - 3 fruits
 A - 2 meat rations


   Skills:
 - Level 2.4 Dodging
 - Level 2.4 Stealth
 * Level 12.1 Spellcasting
 * Level 12.0 Conjurations
 + Level 11.7 Charms


You had 24 spell levels left.
You knew the following spells:

 Your Spells              Type           Power        Failure   Level  Hunger
a - Magic Dart            Conj           ####         1%          1    None
b - Dazzling Spray        Conj/Hex       #####.       1%          3    None
c - Iskenderun's Battles  Conj/Chrm      ######..     1%          5    ###....


Dungeon Overview and Level Annotations

Branches:
Dungeon (8/15)             Temple (1/1) D:6
   Lair: D:8-11

Altars:
Ashenzari
Cheibriados
Dithmenos
Elyvilon
Fedhas
Gozag
Hepliaklqana
Kikubaaqudgha
Makhleb
Nemelex Xobeh
Okawaru
Qazlal
Ru
Sif Muna
Trog
Uskayaw
Vehumet
Xom
Yredelemnul
Zin
The Shining One

Shops:
D:7 *


Innate Abilities, Weirdness & Mutations

You have sharp toenails.
You are agile. (Dex +2)
You possess an exceptional clarity of mind.
Your flesh is cold resistant. (rC+)
Your body sometimes deteriorates upon taking damage.
You are frail. (-10% HP)
You have an increased reservoir of magic. (+10% MP)
You are resistant to hostile enchantments. (MR+)
You are occasionally teleported next to monsters.


Message History

The manticore is almost dead.
Your battlesphere expends the last of its energy and dissipates.
The manticore flicks its tail.
The volley of spikes hits you!
The barbed spikes become lodged in your body.
* * * LOW HITPOINT WARNING * * *
Your body deteriorates!
You feel dopey.
An ice beast comes into view.
You feel better. The ice beast hits you.
* * * LOW HITPOINT WARNING * * *
The ice beast freezes you. You resist.
* * * LOW HITPOINT WARNING * * *
It was a potion of mutation.
You feel extremely strange.
You feel agile.
Your toenails lengthen and sharpen.
The manticore misses you. The manticore barely misses you.
The manticore claws you but does no damage.
The ice beast misses you.
It was a potion of haste.
You feel yourself speed up. The manticore closely misses you.
The manticore claws you!
You die...

# ## # .. # .# #.## #
.. ....#######
######.. .
#.#.#.ยง...# ........
#.#.#.#@....#
........##.#.#.YH....#
.............###a....#
<.## #.........))...#
#.# #)####a.#####.##
#T# #..# #.## #.#
..... ##.# #.# #...5.a
#.# ..# .....5##h ###


You could see a manticore (blind), an ice beast and a worker ant.

Vanquished Creatures
  A hill giant (D:8)
  A cyclops (D:7)
  Prince Ribbit (D:7)
  A troll (D:8)
  Sigmund (D:6)
  Eustachio (D:4)
  The ghost of p0werm0de the Skirmisher, an amateur HECK of Xom (D:4)
  Menkaure (D:4)
  Duvessa (D:5)
  A water moccasin (D:7)
  An orc warrior (D:7)
  2 ice beasts
  7 sky beasts
  2 phantoms (D:6)
  6 ogres
  2 centaurs
  A big kobold (D:5)
  Blork the orc (D:5)
  4 bullfrogs
  A gnoll sergeant (D:5)
  7 scorpions
  Dowan (D:5)
  5 killer bees (D:5)
  4 howler monkeys
  6 crimson imps
  A bullfrog zombie (D:7)
  7 hounds
  A centaur zombie (Ossuary)
  3 orc priests
  2 jellies (D:7)
  A centaur skeleton (D:4)
  A human zombie (Ossuary)
  A bullfrog skeleton (D:4)
  3 orc wizards
  8 worker ants
  A big kobold zombie (Ossuary)
  A hound zombie (D:5)
  3 mummies (Ossuary)
  10 gnolls
  11 adders
  A shadow imp (D:8)
  An adder skeleton (D:6)
  2 dart slugs (D:2)
  4 leopard geckos
  15 orcs
  6 giant cockroaches
  9 goblins
  8 hobgoblins
  7 jackals
  6 quokkas
  A ball python (D:2)
  6 bats
  4 frilled lizards
  2 goblin zombies (Ossuary)
  2 hobgoblin zombies (Ossuary)
  A jackal skeleton (D:5)
  14 kobolds
  A kobold zombie (Ossuary)
  A leopard gecko skeleton (D:6)
  3 quokka skeletons
  8 rats
  A butterfly (D:6)
217 creatures vanquished.

Notes
Turn   | Place    | Note
-------+----------+-------------------------------------------
     0 | D:1      | ponchio the Deep Elf Conjurer began the quest for the Orb.
     0 | D:1      | Reached XP level 1. HP: 10/10 MP: 6/6
   392 | D:1      | Reached XP level 2. HP: 15/15 MP: 6/9
  2208 | D:2      | Reached skill level 5 in Spellcasting
  2208 | D:2      | Reached XP level 3. HP: 19/19 MP: 4/11
  3029 | D:2      | Reached XP level 4. HP: 24/24 MP: 14/14
  3402 | D:3      | Learned a level 3 spell: Dazzling Spray
  3431 | D:3      | Reached XP level 5. HP: 28/28 MP: 12/16
  4404 | D:3      | Reached XP level 6. HP: 32/32 MP: 19/19
  5036 | D:4      | Noticed Eustachio
  5038 | D:4      | Noticed p0werm0de's ghost (amateur HECK)
  5274 | D:4      | Killed Eustachio
  5274 | D:4      | Reached skill level 10 in Spellcasting
  5274 | D:4      | Reached XP level 7. HP: 27/36 MP: 13/23
  5281 | D:4      | Learned a level 5 spell: Iskenderun's Battlesphere
  5621 | D:4      | Reached skill level 1 in Charms
  6040 | D:4      | Paralysed by p0werm0de's ghost for 4 turns
  6045 | D:4      | Killed p0werm0de's ghost
  6045 | D:4      | Reached skill level 5 in Conjurations
  6182 | D:4      | Noticed Menkaure
  6184 | D:4      | Killed Menkaure
  6184 | D:4      | Reached skill level 5 in Charms
  6234 | D:4      | Reached XP level 8. HP: 41/41 MP: 14/24
  6939 | D:5      | Entered Level 5 of the Dungeon
  7134 | D:5      | Noticed Dowan
  7139 | D:5      | Killed Dowan
  7141 | D:5      | Noticed Duvessa
  7147 | D:5      | Killed Duvessa
  7446 | D:5      | Gained mutation: Your flesh is cold resistant. (rC+) [mutagenic meat]
  7447 | D:5      | Gained mutation: You are occasionally teleported next to monsters. [mutagenic meat]
  7448 | D:5      | Gained mutation: You are resistant to hostile enchantments. (MR+) [mutagenic meat]
  7450 | D:5      | Gained mutation: You have an increased reservoir of magic. (+10% MP) [mutagenic meat]
  7451 | D:5      | Gained mutation: Your body sometimes deteriorates upon taking damage. [mutagenic meat]
  7591 | D:5      | Reached XP level 9. HP: 45/45 MP: 19/27
  7696 | D:5      | Gained mutation: You are frail. (-10% HP) [mutagenic meat]
  7698 | D:5      | Gained mutation: You possess an exceptional clarity of mind. [mutagenic meat]
  7832 | D:5      | Noticed Blork the orc
  7837 | D:5      | Killed Blork the orc
  9049 | D:6      | Noticed Sigmund
  9052 | D:6      | Killed Sigmund
  9094 | D:6      | Found a staircase to the Ecumenical Temple.
  9103 | Temple   | Entered the Ecumenical Temple
  9112 | Temple   | Became a worshipper of Vehumet
  9448 | D:6      | Reached skill level 10 in Conjurations
  9891 | D:6      | Reached skill level 10 in Charms
 10158 | D:7      | Found a sand-covered staircase.
 10176 | Ossuary  | Entered an ossuary
 10371 | Ossuary  | Reached * piety under Vehumet
 10371 | Ossuary  | Offered knowledge of Sandblast by Vehumet.
 10525 | D:7      | Noticed Prince Ribbit
 10530 | D:7      | Killed Prince Ribbit
 10793 | D:7      | Reached XP level 10. HP: 45/45 MP: 29/29
 10949 | D:7      | Found Baheakk's Serpentskin Sales.
 11857 | D:7      | Found Baheakk's Serpentskin Sales.
 12002 | D:8      | Noticed a hill giant
 12004 | D:8      | Noticed a cyclops
 12246 | D:8      | HP: 2/45 [cyclops (23)]
 12364 | D:7      | Killed a cyclops
 12364 | D:7      | Offered knowledge of Throw Flame by Vehumet.
 12450 | D:8      | Reached ** piety under Vehumet
 12455 | D:8      | Noticed a manticore
 12455 | D:8      | Killed a hill giant
 12459 | D:8      | Gained mutation: You are agile. (Dex +2) [potion of mutation]
 12459 | D:8      | Gained mutation: You have sharp toenails. [potion of mutation]
 12460 | D:8      | Mangled by a manticore

Skill      XL: |  1  2  3  4  5  6  7  8  9 10 |
---------------+-------------------------------+-----
Spellcasting   | 4 5 6 7 8 10 12 | 12.1
Charms         | 5 8 10 11 | 11.7
Conjurations   | 5 8 10 12 | 12.0
Dodging        | |  2.4
Stealth        | |  2.4

Action                   |  1- 3 |  4- 6 |  7- 9 | 10-12 || total
-------------------------+-------+-------+-------+-------++-------
Melee: Dagger            |       |     6 |       |       ||     6
       Whip              |       |    36 |     3 |     3 ||    42
 Cast: Magic Dart        |    83 |   124 |   201 |    48 ||   456
       Dazzling Spray    |       |     8 |    57 |    21 ||    86
       Iskenderun's Batt |       |       |    37 |    18 ||    55
  Use: Scroll            |       |     3 |    17 |       ||    20
       Potion            |       |     1 |       |     4 ||     5
  Eat: Bread ration      |     1 |       |       |       ||     1
       Chunk             |     1 |     6 |    26 |     5 ||    38
       Fruit             |       |     1 |       |     1 ||     2
       Beef jerky        |       |       |     3 |       ||     3
       Royal jelly       |       |       |     1 |       ||     1
Armor: Robe              |     2 |    34 |    13 |    11 ||    60
Dodge: Dodged            |     3 |    76 |    35 |    29 ||   143
